 Dungeon Crawl Stone Soup version 0.18.1-8-gdd0e5ea (webtiles) character file.

6808 Gagarin the Cleaver (level 11, -6/97 HPs)
             Began as a Hill Orc Gladiator on May 29, 2016.
             Was an Elder of Beogh.
             Killed from afar by an orc sorcerer (45 damage)
             ... with a bolt of negative energy
             ... on level 1 of the Orcish Mines.
             The game lasted 00:47:59 (13336 turns).

Gagarin the Cleaver (Hill Orc Gladiator)           Turns: 13336, Time: 00:48:00

Health: -6/97      AC:  8    Str: 26    XL:     11   Next: 5%
Magic:  12/12      EV: 19    Int: 11    God:    Beogh [****..]
Gold:   306        SH:  0    Dex: 14    Spells: 0 memorised, 10 levels left

rFire  . . .     SeeInvis .     I - +0 battleaxe
rCold  . . .     Gourm    .     b - +0 leather armour
rNeg   . . .     Faith    .     (shield currently unavailable)
rPois  +         Spirit   .     H - +0 helmet
rElec  .         Dismiss  .     M - +0 cloak {rPois}
rCorr  .         Reflect  .     (no gloves)
SustAt .         Harm     .     o - +0 pair of boots
MR     .....                    i - amulet of magic regeneration
Stlth  ++........               B - +3 ring of dexterity
                                w - ring of Ucze {EV+3 Str+7}

@: drained, not resistant to hostile enchantments, unstealthy
A: no striking features
a: Smiting, Recall Orcish Followers, Renounce Religion


You were on level 1 of the Orcish Mines.
You worshipped Beogh.
Beogh was greatly pleased with you.
You were very hungry.

You visited 2 branches of the dungeon, and saw 10 of its levels.

You collected 1016 gold pieces.
You spent 710 gold pieces at shops.

Inventory:

Hand Weapons
 a - a +1 war axe
 A - a +0 hunting sling
 G - the +1 mace of Vela {venom, *Rage Int+4 Dex+4}
   (You found it on level 4 of the Dungeon)

   It poisons the flesh of those it strikes.
   It affects your intelligence (+4).
   It affects your dexterity (+4).
   It may make you go berserk in combat.
 I - a +0 battleaxe (weapon)
Missiles
 d - a throwing net
 y - 22 tomahawks (quivered)
Armour
 b - a +0 leather armour (worn)
 o - a +0 pair of boots (worn)
 H - a +0 helmet (worn)
 J - a +0 shield
 M - a +0 cloak of poison resistance (worn)
Jewellery
 h - an uncursed amulet of harm
 i - an amulet of magic regeneration (around neck)
 r - an uncursed ring of ice
 t - an uncursed ring of stealth
 w - the ring of Ucze (left hand) {EV+3 Str+7}
   (You bought it in a shop on level 8 of the Dungeon)

   [ring of evasion]

   It affects your evasion (+3).
   It affects your strength (+7).
 B - a +3 ring of dexterity (right hand)
 D - an uncursed ring of stealth
 L - an uncursed ring of resist corrosion
 Q - an uncursed amulet of magic regeneration
Wands
 c - a wand of lightning (2/15)
 s - a wand of heal wounds (0/9)
 z - a wand of digging (9/24)
 R - a wand of digging (21/24)
 S - a wand of lightning (9/15)
Scrolls
 e - 9 scrolls of identify
 g - 2 scrolls of recharging {unknown}
 j - 2 scrolls of enchant weapon
 m - 6 scrolls of remove curse
 p - 3 scrolls of amnesia
 q - 4 scrolls of immolation
 u - a scroll of fog {unknown}
 K - a scroll of random uselessness {unknown}
 N - a scroll of magic mapping {unknown}
Potions
 n - a potion of berserk rage {unknown}
 x - a potion of resistance
 C - a potion of cancellation
 E - a potion of brilliance {unknown}
 F - a potion of haste {unknown}
 T - a potion of invisibility {unknown}
Books
 O - a book of Ice

   Spells                             Type                      Level
   a - Ice Form                       Ice/Transmutation            4
   b - Metabolic Englaciation         Hexes/Ice                    5
   c - Ozocubu's Refrigeration        Ice                          6
   d - Bolt of Cold                   Conjuration/Ice              6
   e - Freezing Cloud                 Conjuration/Ice/Air          6
   f - Simulacrum                     Ice/Necromancy               6
Comestibles
 f - 12 bread rations
 k - 11 fruits
 l - 4 meat rations
 v - 4 slices of pizza


   Skills:
 + Level 9.3(8.5) Fighting
 + Level 11.4(10.5) Axes
 + Level 1.2(5.4) Maces & Flails
 + Level 2.1(1.4) Throwing
 + Level 6.4(5.6) Armour
 + Level 8.2(7.4) Dodging
 + Level 3.6(2.8) Stealth
 + Level 1.6(0.9) Evocations


You had 10 spell levels left.
You didn't know any spells.

Dungeon Overview and Level Annotations

Branches:
Dungeon (9/15)             Temple (0/1) D:4            Lair (0/8) D:9
    Orc (1/2) D:9

Altars:
Cheibriados
Dithmenos
Elyvilon
Gozag
Makhleb
Nemelex Xobeh
Okawaru
Pakellas
Qazlal
Ru
Sif Muna

Shops:
D:8 [%(!=

Annotations:
D:9 Northaan's ghost, novice DsBe


Message History

The ice devil hits you. The ice devil freezes you!!
You hit the ice devil but do no damage. The ice devil closely misses you.
You swap places.
The orc sorcerer gestures at you while chanting.
The bolt of fire hits you! The bolt of fire hits your orc warrior.
Your orc warrior dies!
Your orc warrior hits the ice devil but does no damage.
The ice devil completely misses you.
You hit the orc sorcerer but do no damage.
You slash the ice devil!
The ice devil is moderately wounded.
The orc sorcerer points at you and mumbles some strange words.
You resist with significant effort.
Your orc warrior hits the ice devil!
Gorbash hits the orc sorcerer with a mace!
The ice devil closely misses you. The orc sorcerer casts a spell at you.
The bolt of negative energy hits Gorbash.
Gorbash is drained!
The bolt of negative energy hits you!
You feel drained.
You die...
Beogh appreciates the orc sorcerer's killing of a heretic priest.

##.....##.. .###
##.o....##.. .....#
##o.o.#### .. ....#.#
#.#.....# .. ...#...##
####.#.......
..#.....###....##......
##......##......###....
..................#....
......oo@.......o###..#
....#4.o....##.o..##.#
. ##o)...####o....#
#oo.....##.o..##.#
#............## #
.......#........#
#.....#####....##....
##.... ##..## .....
#...# ..## ...#.


You could see an ice devil, an orc sorcerer, 3 friendly orc warriors, the
friendly Gorbash the orc warrior and a friendly orc.

Vanquished Creatures
  The ghost of kae the Spear-Bearer, a novice NaFi of Cheibriados (D:8)
  Pikel (D:6)
  An ugly thing (D:9)
  A gargoyle (D:9)
  A centaur skeleton (D:9)
  Grinder (D:5)
  Sigmund (D:6)
  2 yaks (D:9)
  2 orc warriors
  A black bear (D:8)
  4 slaves (D:6)
  4 sky beasts
  2 ice beasts
  A phantom (D:8)
  6 ogres
  A big kobold (D:9)
  Blork the orc (D:6)
  6 giant frogs
  2 scorpions
  4 killer bees (D:9)
  2 wights (D:9)
  2 crimson imps
  4 hounds
  3 jellies
  4 orc priests
  Crazy Yiuf (D:3)
  9 orc wizards
  2 iguanas (D:6)
  6 worker ants
  A hound zombie (D:9)
  3 hound skeletons
  Robin (D:4)
  A gnoll (D:4)
  7 adders
  2 shadow imps
  An adder zombie (D:8)
  2 adder skeletons (D:5)
  5 worms
  3 dart slugs
  2 giant geckos
  22 orcs
  6 giant cockroaches
  9 goblins
  12 hobgoblins
  16 jackals
  13 kobolds
  6 quokkas
  2 ball pythons
  4 bats
  A giant gecko skeleton (D:6)
  9 giant newts
  A jackal skeleton (D:5)
  A jackal zombie (D:8)
  13 rats
219 creatures vanquished.

Vanquished Creatures (collateral kills)
  3 yaks (D:9)
  An orc warrior (Orc:1)
  2 ogres
  A killer bee (D:9)
  2 wights (D:9)
  A giant frog skeleton (D:9)
  2 orc priests (Orc:1)
  2 orcs (Orc:1)
14 creatures vanquished.

Vanquished Creatures (others)
  2 orc warriors
  A shadow imp (D:7)
  6 orcs
  A kobold (D:3)
10 creatures vanquished.

Grand Total: 243 creatures vanquished

Notes
Turn   | Place    | Note
--------------------------------------------------------------
     0 | D:1      | Gagarin the Hill Orc Gladiator began the quest for the Orb.
     0 | D:1      | Reached XP level 1. HP: 18/18 MP: 1/1
   331 | D:1      | Reached XP level 2. HP: 25/25 MP: 2/2
   975 | D:2      | Reached XP level 3. HP: 30/30 MP: 3/3
  1128 | D:2      | Reached skill level 5 in Axes
  1328 | D:2      | Found a sparkling altar of Nemelex Xobeh.
  1353 | D:2      | Reached XP level 4. HP: 33/37 MP: 4/4
  1741 | D:2      | Reached skill level 1 in Armour
  2009 | D:2      | Found a stormy altar of Qazlal.
  2318 | D:3      | Became a worshipper of Beogh the Brigand
  2346 | D:3      | Reached XP level 5. HP: 30/45 MP: 5/5
  2561 | D:3      | Found a deep blue altar of Sif Muna.
  2724 | D:3      | Found a faded altar to an unknown god.
  2869 | D:3      | Noticed Crazy Yiuf
  2879 | D:3      | Killed Crazy Yiuf
  3323 | D:4      | Reached XP level 6. HP: 34/51 MP: 6/6
  3764 | D:4      | Found a staircase to the Ecumenical Temple.
  3881 | D:4      | Found an iron altar of Okawaru.
  4081 | D:4      | Found a shadowy altar of Dithmenos.
  4574 | D:3      | Reached * piety under Beogh
  4574 | D:3      | Reached skill level 6 in Axes
  4641 | D:4      | Reached XP level 7. HP: 58/58 MP: 7/7
  4651 | D:4      | Got a shimmering mace
  4702 | D:4      | Noticed Robin
  4704 | D:4      | Identified the cursed +1 mace of Vela {venom, *Rage Int+4 Dex+4} (You found it on level 4 of the Dungeon)
  4716 | D:4      | Killed Robin
  5003 | D:4      | Reached skill level 1 in Stealth
  5017 | D:4      | Found a sacrificial altar of Ru.
  5231 | D:5      | Entered Level 5 of the Dungeon
  5246 | D:5      | Found a white marble altar of Elyvilon.
  5269 | D:5      | Reached skill level 1 in Maces & Flails
  5323 | D:5      | Found a snail-covered altar of Cheibriados.
  5494 | D:5      | Reached ** piety under Beogh
  5498 | D:5      | Noticed Grinder
  5509 | D:5      | Paralysed by Grinder for 3 turns
  5516 | D:5      | Paralysed by Grinder for 6 turns
  5529 | D:5      | Killed Grinder
  5529 | D:5      | Reached XP level 8. HP: 20/67 MP: 8/8
  5871 | D:5      | Reached skill level 5 in Fighting
  6183 | D:5      | Reached skill level 5 in Dodging
  6588 | D:6      | Noticed Sigmund
  7184 | D:6      | Noticed Pikel
  8045 | D:7      | Found an opulent altar of Gozag.
  8100 | D:7      | Reached skill level 7 in Axes
  8764 | D:6      | Killed Sigmund
  8764 | D:6      | Reached skill level 5 in Armour
  8764 | D:6      | Reached XP level 9. HP: 22/75 MP: 9/9
  8938 | D:6      | Noticed Blork the orc
  8960 | D:6      | Killed Blork the orc
  9399 | D:6      | Found a burning altar of Makhleb.
  9410 | D:6      | Reached skill level 1 in Evocations
  9666 | D:6      | Killed Pikel
  9666 | D:6      | Reached skill level 8 in Axes
  9942 | D:8      | Found Gucaruyg's Food Shop.
  9997 | D:8      | Noticed kae's ghost (novice NaFi)
 10475 | D:8      | Found Kipsallu's Jewellery Shoppe.
 10561 | D:8      | Found Wifoic's Antique Armour Boutique.
 10596 | D:8      | Reached skill level 9 in Axes
 10607 | D:8      | Found Siagidol's Distillery.
 10610 | D:8      | Bought a potion of heal wounds for 70 gold pieces
 11236 | D:8      | Found Baroohai's Antique Weapon Emporium.
 11478 | D:9      | Noticed Northaan's ghost (novice DsBe)
 11548 | D:9      | Reached XP level 10. HP: 81/86 MP: 11/11
 11558 | D:9      | Noticed a green ugly thing
 11613 | D:8      | Killed kae's ghost
 11613 | D:8      | Reached skill level 10 in Axes
 11917 | D:9      | Killed a green ugly thing
 11921 | D:9      | Reached *** piety under Beogh
 12129 | D:9      | Found a staircase to the Orcish Mines.
 12203 | D:9      | Noticed a gargoyle
 12208 | D:9      | Killed a gargoyle
 12292 | D:9      | Gained Garbold as an ally
 12299 | D:9      | Reached skill level 11 in Axes
 12312 | D:9      | Found a staircase to the Lair.
 12362 | D:9      | Your ally Garbold died
 12659 | D:8      | Bought the ring of Ucze {EV+3 Str+7} for 640 gold pieces
 12764 | D:9      | Gained Gorbash as an ally
 12799 | D:9      | Found an oddly glowing altar of Pakellas.
 12901 | Orc:1    | Entered Level 1 of the Orcish Mines
 12910 | Orc:1    | Reached XP level 11. HP: 73/97 MP: 12/12
 13041 | Orc:1    | Reached **** piety under Beogh
 13327 | Orc:1    | Noticed an orc sorcerer
 13336 | Orc:1    | Killed from afar by an orc sorcerer

Skill      XL: |  1  2  3  4  5  6  7  8  9 10 |
---------------+-------------------------------+-----
Throwing       | 2 |  2.1
Axes           | 5 6 7 9 11 | 11.4
Armour         | 1 2 3 4 5 6 |  6.4
Dodging        | 3 4 5 6 8 |  8.2
Fighting       | 3 4 5 7 9 |  9.3
Stealth        | 2 3 |  3.6
Maces & Flails | 1 |  1.2
Evocations     | 1 |  1.6

Action                   |  1- 3 |  4- 6 |  7- 9 | 10-12 || total
-------------------------+-------+-------+-------+-------++-------
Melee: War axe           |    94 |   244 |   219 |       ||   557
       Mace              |       |       |    44 |       ||    44
       Battleaxe         |       |       |   163 |   145 ||   308
Throw: Throwing net      |       |     3 |     1 |       ||     4
       Tomahawk          |       |       |     1 |       ||     1
Invok: Convert to Beogh  |       |     1 |       |       ||     1
       Smiting           |       |       |     1 |       ||     1
Evoke: Wand              |       |     3 |     9 |       ||    12
  Use: Potion            |       |     2 |     4 |     2 ||     8
       Scroll            |       |     7 |     9 |     1 ||    17
 Stab: Sleeping          |       |       |    12 |       ||    12
       Paralysed         |       |       |     2 |       ||     2
       Held in net/web   |       |       |     1 |       ||     1
       Distracted        |       |       |     1 |     1 ||     2
  Eat: Chunk             |     1 |    11 |    12 |     3 ||    27
       Beef jerky        |       |       |     4 |       ||     4
       Meat ration       |       |       |     1 |       ||     1
       Fruit             |       |       |     1 |     2 ||     3
Armor: Leather armour    |    33 |    79 |   124 |    34 ||   270
Dodge: Dodged            |    76 |   170 |   303 |   117 ||   666
